 Dungeon Crawl Stone Soup version 0.30-a0-475-g03497ec522 (webtiles) character file.

Game seed: 13870702000626762150

2501 bande the Chopper (level 9, -9/55 HPs)
             Began as a Gargoyle Fighter on Dec 20, 2022.
             Was an Initiate of Okawaru.
             Killed from afar by a steam dragon (18 damage)
             ... with a ball of steam
             ... on level 7 of the Dungeon.
             The game lasted 00:10:31 (6577 turns).

bande the Chopper (Gargoyle Fighter)                Turns: 6577, Time: 00:10:32

Health: -9/55      AC: 20    Str: 20    XL:     9   Next: 53%
Magic:  10/10      EV:  9    Int:  9    God:    Okawaru [......]
Gold:   485        SH:  5    Dex: 13    Spells: 8/8 levels left

rFire   . . .      SeeInvis .    a - +1 war axe
rCold   . . .      Faith    .    c - +0 buckler
rNeg    + . .      Spirit   .    b - +0 scale mail
rPois   ∞          Reflect  .    f - +2 helmet
rElec   +          Harm     .    e - scarf {repulsion}
rCorr   .          Rampage  .    w - +1 pair of gloves
Will    .....                    t - +0 pair of boots
Stlth   ..........               (no amulet)
HPRegen 0.29/turn                (no ring)
MPRegen 0.12/turn                (no ring)

@: repel missiles
A: sickness immunity, AC +6, negative energy resistance 1, electricity
resistance, torment resistance 1, petrification resistance
a: Renounce Religion


You were on level 7 of the Dungeon.
You worshipped Okawaru.
Okawaru was noncommittal.
You visited 2 branches of the dungeon, and saw 8 of its levels.

You collected 485 gold pieces.

Inventory:

Hand Weapons
 a - a +1 war axe (weapon)
 k - a +0 morningstar
 o - a +0 war axe
Missiles
 v - a silver boomerang (quivered)
Armour
 b - a +0 scale mail (worn)
 c - a +0 buckler (worn)
 e - a scarf of repulsion (worn)
 f - a +2 helmet (worn)
 j - a +0 cloak
 t - a +0 pair of boots (worn)
 w - a +1 pair of gloves (worn)
 y - a +1 helmet of intelligence
Jewellery
 u - a ring of protection from fire
 B - an amulet of guardian spirit
Wands
 q - a wand of light (6)
 r - a wand of flame (21)
Scrolls
 g - 6 scrolls of identify
 h - a scroll of enchant weapon
Potions
 d - 3 potions of might
 i - a potion of flight
 l - a potion of invisibility
 m - a potion of brilliance
 n - 2 potions of berserk rage
 p - a potion of mutation
 s - 4 potions of curing
 x - a potion of magic
 z - a potion of haste
 A - a potion of lignification {unknown}


   Skills:
 + Level 6.0 Fighting
 + Level 7.9 Axes
 + Level 6.0 Armour
 + Level 5.6 Shields
 * Level 1.6 Invocations
 * Level 4.2 Evocations


You had 8 spell levels left.
You didn't know any spells.
Your spell library contained the following spells:

 Spells                   Type           Power      Damage    Failure   Level
 Gell's Gravitas          Tloc           0%         N/A       99%         3
 Lesser Beckoning         Tloc           0%         N/A       99%         3
 Ozocubu's Armour         Ice            0%         N/A       99%         3
 Teleport Other           Tloc           0%         N/A       99%         3
 Ozocubu's Refrigeration  Ice            0%         4d7       100%        7


Dungeon Overview and Level Annotations

Branches:
Dungeon (7/15)             Temple (1/1) D:6

Altars:
Dithmenos
Elyvilon
Gozag
Hepliaklqana
Makhleb
Nemelex Xobeh
Okawaru
Qazlal
Ru
Sif Muna
Trog
Uskayaw
Vehumet
Wu Jian
Xom
Yredelemnul
The Shining One


Innate Abilities, Weirdness & Mutations

You are immune to sickness and miasma.
Your stone body is resilient. (AC +6)
You are immune to poison.
You resist negative energy. (rN+)
You are resistant to electric shocks. (rElec)
You are resistant to unholy torment.
You are immune to petrification.


Message History

You are engulfed in a cloud of scalding steam.
A nearby fungus withers and dies.
The steam dragon closely misses you. The steam dragon claws you.
You hit the steam dragon.
The steam dragon is lightly wounded.
You hit the fungus. x2
You are engulfed in a cloud of scalding steam.
A nearby fungus withers and dies.
You block the steam dragon's attack. The steam dragon claws you.
You closely miss the steam dragon.
The steam dragon is lightly wounded.
You slash the fungus!
A nearby fungus withers and dies.
The steam dragon closely misses you.
The steam dragon claws you but does no damage.
You slash the steam dragon!
The steam dragon is heavily wounded.
The steam dragon bites you. The steam dragon barely misses you.
You barely miss the steam dragon.
The steam dragon is heavily wounded.
The steam dragon breathes steam at you. The ball of steam hits you!
You block the steam dragon's attack. The steam dragon closely misses you.
You slash the steam dragon!
The steam dragon is severely wounded.
You are engulfed in a cloud of scalding steam.
The steam dragon bites you.
* * * LOW HITPOINT WARNING * * *
The steam dragon closely misses you.
You closely miss the steam dragon.
The steam dragon is severely wounded.
You are engulfed in a cloud of scalding steam.
* * * LOW HITPOINT WARNING * * *
The steam dragon bites you but does no damage.
The steam dragon barely misses you.
You barely miss the steam dragon.
The steam dragon is severely wounded.
You are engulfed in a cloud of scalding steam.
The steam dragon breathes steam at you. The ball of steam hits you!!
You die...

####..#.#...........#............
.......)..#.######..######...####
.......)#.#.# #..# #...#
........###.# #..# #...#
............### #..# #...#
.......######≈P###..# #...# ##
.......# #..≈~~.####### #...###P
..##..## ##P...).§§§.~.#######.~P
..##..# #.....D@§.§§.......^~.P~
..##.)# #P....§§§~§..~.^........
..##..## #.~...P§#########.~~.P~.
#.##...####~..~~## ########
#.###...####≈~P# ########
#.###.#...##### #......#
......###.....#### #.####..
#.##### #####....## #.######
.....# ####..### #.##....


You could see a steam dragon (catching breath).

Vanquished Creatures
  Eustachio (D:5)
  A steam dragon (D:6)
  Menkaure (D:4)
  2 ice beasts (D:5)
  4 black bears
  2 sky beasts
  An ogre (D:5)
  2 centaurs (D:7)
  A bullfrog (D:7)
  4 scorpions
  2 howler monkeys (D:5)
  3 orc priests
  Crazy Yiuf (D:4)
  5 hounds
  4 iguanas
  2 orc wizards (D:5)
  4 gnolls (D:5)
  10 adders
  4 white imps
  5 ufetubi
  A worm (D:5)
  26 orcs
  9 ball pythons
  5 bats
  8 endoplasms
  4 giant cockroaches
  8 goblins
  7 hobgoblins
  7 jackals
  2 quokkas
  5 frilled lizards
  10 kobolds
  10 rats
161 creatures vanquished.

Vanquished Creatures (others)
  An ice beast (D:6)
  4 fungi (D:7)
  4 plants (D:1)
9 creatures vanquished.

Grand Total: 170 creatures vanquished

Notes
Turn   | Place    | Note
-------+----------+-------------------------------------------
     0 | D:1      | bande the Gargoyle Fighter began the quest for the Orb.
     0 | D:1      | Reached XP level 1. HP: 14/14 MP: 1/1
   127 | D:1      | You fall into a shaft and drop 1 floor!
   163 | D:2      | Reached XP level 2. HP: 17/19 MP: 2/2
   215 | D:2      | Reached skill level 2 in Axes
   363 | D:2      | Reached XP level 3. HP: 24/24 MP: 3/3
   998 | D:1      | Reached XP level 4. HP: 29/29 MP: 4/4
  1938 | D:3      | Found a hide-covered altar of Uskayaw.
  2047 | D:3      | Found a sacrificial altar of Ru.
  2047 | D:3      | Found a hazy altar of Hepliaklqana.
  2427 | D:3      | Reached skill level 3 in Axes
  2427 | D:3      | Reached XP level 5. HP: 33/33 MP: 5/5
  2720 | D:4      | Noticed Menkaure
  2728 | D:4      | Killed Menkaure
  2729 | D:4      | Reached skill level 4 in Axes
  2729 | D:4      | Reached XP level 6. HP: 17/39 MP: 6/6
  3043 | D:4      | Found a burning altar of Makhleb.
  3095 | D:4      | Found a runed translucent door.
  3096 | D:4      | Noticed Crazy Yiuf
  3105 | D:4      | Killed Crazy Yiuf
  3265 | D:5      | Entered Level 5 of the Dungeon
  3302 | D:5      | Noticed an ice beast
  3322 | D:5      | Killed an ice beast
  3323 | D:5      | Reached skill level 1 in Evocations
  3429 | D:5      | Noticed a moth of wrath
  3519 | D:5      | Reached XP level 7. HP: 29/44 MP: 7/7
  3625 | D:5      | Reached skill level 5 in Axes
  3966 | D:5      | Found a glowing golden altar of the Shining One.
  4137 | D:5      | Reached skill level 5 in Fighting
  4148 | D:5      | Found a bloodstained altar of Trog.
  4404 | D:5      | Reached XP level 8. HP: 43/49 MP: 8/8
  4439 | D:5      | Reached skill level 6 in Axes
  4439 | D:5      | Reached skill level 5 in Armour
  4687 | D:5      | Reached skill level 5 in Shields
  4702 | D:5      | Identified the +4 dagger of Celien {protect, Str+4}
  4854 | D:6      | Reached skill level 7 in Axes
  4871 | D:6      | Noticed Eustachio
  4879 | D:6      | Reached XP level 9. HP: 10/55 MP: 9/9
  4923 | D:5      | Killed Eustachio
  5325 | D:6      | Found a stormy altar of Qazlal.
  5350 | D:6      | Found a staircase to the Ecumenical Temple.
  5359 | Temple   | Entered the Ecumenical Temple
  5373 | Temple   | Became a worshipper of Warmaster Okawaru
  5557 | D:6      | Found an ornate altar of the Wu Jian Council.
  5838 | D:7      | Reached skill level 1 in Invocations
  5907 | D:7      | Found a shimmering altar of Xom.
  6577 | D:7      | Killed from afar by a steam dragon

Illustrated notes

Levels and vault maps discovered:
D:1:      lemuel_arrival_river_ford, layout_basic, serial_forest,
          infiniplex_forest_clump_cross, infiniplex_forest_split,
          infiniplex_forest_clump_small, infiniplex_forest_lined_3,
          infiniplex_forest_corner_1, infiniplex_forest_zigzag_1,
          infiniplex_forest_corner_1, infiniplex_forest_lined_corner,
          infiniplex_forest_clump_large, infiniplex_forest_lined_3_way
D:2:      layout_basic, chequers_serial_rivers_marsh, minmay_joined_circles
D:3:      layout_loops_cross, eat_drink_and_be_merry_uskayaw,
          gammafunk_temple_overflow_elements
D:4:      layout_basic, mainiacjoe_overflow_paths, minmay_statues_item,
          uniq_crazy_yiuf_cottage, uniq_menkaure
D:5:      kennysheep_windowed_halls, layout_basic, tgw_trog,
          nicolae_tso_swordbearing_angel
D:6:      layout_cave_pools, nicolae_qazlal_eye_of_the_storm,
          lemuel_coloured_pillars_altar, minmay_temple_entry_crystal_x,
          uniq_eustachio
D:7:      kennysheep_steamy, layout_basic, xom_teletrap_fun, grunt_ministairs_5
Temple:   hellmonk_temple_rainy

Skill      XL: |  1  2  3  4  5  6  7  8  9 |
---------------+----------------------------+-----
Axes           | 2 3 4 5 7 |  7.9
Fighting       | 4 5 6 |  6.0
Armour         | 4 5 6 |  6.0
Shields        | 4 5 |  5.6
Evocations     | 1 2 3 4 |  4.2
Invocations    | 1 |  1.6

Action                   |  1- 3 |  4- 6 |  7- 9 || total
-------------------------+-------+-------+-------++-------
Melee: War axe           |    94 |   168 |   351 ||   613
  Use: Scroll            |       |     9 |     4 ||    13
       Potion            |       |       |     2 ||     2
Armor: Scale mail        |    54 |   110 |   354 ||   518
Dodge: Dodged            |    55 |    91 |   222 ||   368
       Repelled          |       |     1 |     5 ||     6
Block: Buckler           |    22 |    44 |   130 ||   196

Table legend: (Time is in decaauts)
 A = Elapsed time spent in this place.
 B = Non-inter-level travel time spent in this place.
 C = Inter-level travel time spent in this place.
 D = Time resting spent in this place.
 E = Time spent auto-exploring this place.
 F = Levels seen in this place.
 G = Mean time per level.
                   A        B        C        D        E       F      G
               +--------+--------+--------+--------+--------+-----+--------+
         Total |   6754 |   6478 |    276 |    675 |   4290 |   8 |  844.2 |
       Dungeon |   6729 |   6462 |    267 |    675 |   4290 |   7 |  961.3 |
        Temple |     24 |     15 |      9 |      0 |      0 |   1 |   24.0 |
               +--------+--------+--------+--------+--------+-----+--------+

Top non-repeatable levels by time:
     D:5: 1956 daAuts
     D:1: 1097 daAuts
     D:7: 944 daAuts
     D:2: 865 daAuts
     D:4: 727 daAuts
     D:3: 669 daAuts
     D:6: 468 daAuts
  Temple: 24 daAuts
